Unix NetHack Version 5.0.0-0 post-release - last build May 10 2026 23:12:36 (d1fa5d53e341ca933230fdaa984d921c805b60aa,branch:main).

Game began 2026-05-13 20:14:48, ended 2026-05-14 21:42:31.

CaptainEquinox, neutral female human Valkyrie

                                --------   ----
                                |.%....-----..|
                                |...````^^^^^^|
                                |%..H`.------^|
                                |....@.|    |^|
                                |----.------|^|
                                |.....|....||^|
                                |.`.`.|```.||^|
                                |..``......-|^|
                                |....---...>|<|
                                ------ --------

CaptainEquinox the Fighter  St:18/01 Dx:9 Co:18 In:10 Wi:8 Ch:8  Neutral
Dlvl:7  $:4048 HP:0(85) Pw:23(23) AC:0  Xp:8 T:4099  Satiated

Latest messages:
 You swap places with your housecat.
 You swap places with your housecat.
 You hear a chugging sound.
 You find a hidden door.
 This door is locked.
 Unlock it with your skeleton key? [ynq] (q) y
 You succeed in unlocking the door.
 The door opens.
 The hill orc wields a scimitar!
 You hit the hill orc!
 The hill orc swings his scimitar.
 The hill orc misses!
 You kill the hill orc!
 $ - 13 gold pieces (4048 in total).
 You hit the hill orc!
 The hill orc misses!
 You kill the hill orc!
 You hit the ghoul!
 You destroy the ghoul!
 Your housecat eats a hill orc corpse.
 You kill the lichen!
 You see here a lichen corpse.
 There is a lichen corpse here; eat it? [ynq] (n) y
 This lichen corpse tastes okay.
 You finish eating the lichen corpse.
 You see here a statue of a lizard.
 You climb up the stairs.
 You try to move the boulder, but in vain.
 With great effort you move the boulder.
 With great effort you move the boulder.
 You smell a dragon!
 You hear a monster behind the boulder.
 Perhaps that's why you cannot move it.
 You see here 2 eggs.
 D - 2 eggs.
 You swap places with your housecat.
 You notice a bovine smell.
 With great effort you move the boulder.
 You are carrying too much to get through.
 The minotaur hits!
 The minotaur hits again!
 The minotaur butts!
 You hit the minotaur!
 The minotaur hits!
 You die...
 Do you want your possessions identified? [ynq] (y) y
 Do you want to see your attributes? [ynq] (y) y
 Do you want an account of creatures vanquished? [ynaq] (y) y
 Do you want to see your conduct and achievements? [ynq] (y) y
 Do you want to see the dungeon overview? [ynq] (y) y

Inventory:
 Coins    ('$')
  $ - 4048 gold pieces
 Weapons  (')')
  r - a +0 dart (at the ready)
  b - 2 +0 daggers
  a - a +2 spear (weapon in right hand)
 Armor    ('[')
  B - an uncursed +0 dwarvish iron helm (being worn)
  w - an uncursed +0 pair of gauntlets of dexterity (being worn)
  V - an uncursed +1 pair of iron shoes (being worn)
  c - an uncursed burnt +3 small shield (being worn)
  f - an uncursed +0 alchemy smock with text "If we weren't meant to eat animals, why are they made out of meat?"
  K - an uncursed +0 oilskin cloak (being worn)
 Comestibles  ('%')
  d - an uncursed food ration
  v - an uncursed food ration
  m - an uncursed tripe ration
  D - 2 uncursed eggs
  A - an uncursed killer bee corpse
 Scrolls  ('?')
  J - an uncursed scroll of amnesia
  t - a blessed scroll of blank paper
  M - 3 uncursed scrolls of blank paper
  Q - a cursed scroll of blank paper
  q - an uncursed scroll of charging
  x - a cursed scroll of light
 Spellbooks  ('+')
  P - a cursed spellbook of sleep
 Potions  ('!')
  g - an uncursed potion of gain ability
  S - an uncursed potion of invisibility
  h - an uncursed potion of object detection
  i - an uncursed potion of oil named uncursed (lit)
  y - an uncursed potion of water
 Rings    ('=')
  u - an uncursed ring of warning (on right hand)
 Tools    ('(')
  l - an empty uncursed bag of holding
  e - an uncursed leash
  U - an uncursed leash
  C - an uncursed magic whistle
  k - a +0 pick-axe
  p - an uncursed skeleton key
  s - a +0 unicorn horn
  T - a +0 unicorn horn
 Gems/Stones  ('*')
  H - an uncursed worthless piece of black glass

CaptainEquinox the Valkyrie's attributes:

Background:
 You were a Fighter, a level 8 human Valkyrie.
 You were neutral, on a mission for Odin
 who was opposed by Tyr (lawful) and Loki (chaotic).
 You were right-handed.
 You were in Sokoban, on level 7.
 You entered the dungeon 4099 turns ago.
 You had 1669 experience points, 891 more were needed to attain level 9.

Basics:
 You had 0 out of 85 hit points.
 You had all 23 energy points (spell power).
 Your armor class was 0.
 Your wallet contained 4048 zorkmids.
 Autopickup was off.

Final Characteristics:
 Your strength was 18/01 (limit:18/100).
 Your dexterity was 9 (peak:12, limit:18).
 Your constitution was 18 (limit:18).
 Your intelligence was 10 (limit:18).
 Your wisdom was 8 (limit:18).
 Your charisma was 8 (limit:18).

Final Status:
 You were satiated.
 You were unencumbered.
 You were wielding a spear.
 You had expert skill with spear.

Final Attributes:
 You were piously aligned.
 You were cold resistant.
 You were warned.
 You were stealthy.
 You were guarded.
 You were fast.
 You are dead.

Miscellaneous:
 You didn't encounter any bones levels.
 Total elapsed playing time was 54 minutes and 7 seconds.

Major events:
 Turn
    1: CaptainEquinox the neutral human Valkyrie entered the dungeon
  754: attained the rank of Skirmisher (level 3)
  906: read a Discworld novel
 1471: entered the Gnomish Mines
 2445: attained the rank of Fighter (level 6)
 4083: entered Sokoban
 4099: killed by a chameleon imitating a minotaur

You didn't know any spells.

Skills:
 Fighting Skills
   bare handed combat [Unskilled]
   two weapon combat  [Unskilled]
   riding             [Unskilled]
 Weapon Skills
   dagger             [Basic]
   axe                [Unskilled]
   pick-axe           [Unskilled]
   short sword        [Unskilled]
   broadsword         [Unskilled]
   long sword         [Unskilled]
   two-handed sword   [Unskilled]
   saber              [Unskilled]
   hammer             [Unskilled]
   quarterstaff       [Unskilled]
   polearms           [Unskilled]
   spear              [Expert]
   trident            [Unskilled]
   lance              [Unskilled]
   sling              [Unskilled]
 Spellcasting Skills
   attack spells      [Unskilled]
   escape spells      [Unskilled]

Voluntary challenges:
 Character rerolling was not enabled.
 You never genocided any monsters.
 You never polymorphed an object.
 You never changed form.
 You used no wishes.
 You did not violate any of the special Sokoban rules.
Achievements:
 You entered a shop.
 You attained the rank of Skirmisher.
 You read from a Discworld novel.
 You entered the Gnomish Mines.
 You attained the rank of Fighter.
 You entered Sokoban.

 The Dungeons of Doom: levels 1 to 8
    Level 1:
       A fountain.
    Level 2:
       A general store, an altar, some fountains, many trees.
    Level 3:
       A scroll shop.
    Level 4:
       A sink.
       Stairs down to The Gnomish Mines.
    Level 5:
       A scroll shop, a fountain.
    Level 6:
       A general store, a sink.
    Level 7:
       Many fountains.
    Level 8:
       Some fountains.
       Stairs up to Sokoban, level 7.
 The Gnomish Mines:
    Level 5:
 Sokoban:
    Level 7: <- You were here.
       Unsolved.
       Final resting place for
          you, killed by a chameleon imitating a minotaur.


Vanquished creatures:
  a giant mimic
  2 small mimics
  a pyrolisk
  a tengu
 an ettin zombie
  2 giant beetles
  a winter wolf cub
  a black light
 an owlbear
  2 gold golems
  2 werewolves
  a lizard
  a dingo
  a dwarf leader
  a blue jelly
  2 black unicorns
  a dust vortex
  a plains centaur
  2 snakes
  2 apes
  2 human zombies
  a soldier ant
  a quasit
  a wood nymph
  a mountain nymph
  a rock mole
  3 yellow lights
  2 shriekers
  a gnome leader
  3 kobold mummies
  3 gray oozes
  a ghoul
  2 paper golems
  4 giant ants
  a little dog
  a kitten
  3 dwarves
  a kobold leader
  a kobold shaman
  4 hill orcs
  3 rothes
  a centipede
  a giant bat
  2 dwarf zombies
  a werejackal
  4 iguanas
  6 killer bees
  2 coyotes
  a hobbit
  3 hobgoblins
  a giant rat
  4 cave spiders
  a red mold
  a gnome zombie
  3 geckos
  4 jackals
  4 goblins
  2 sewer rats
  2 grid bugs
  2 bats
  3 lichens
  a kobold zombie
  6 newts
122 creatures vanquished.

No species were genocided or became extinct.

Game over:
                       ----------
                      /          \
                     /    REST    \
                    /      IN      \
                   /     PEACE      \
                  /                  \
                  |  CaptainEquinox  |
                  |     4048 Au      |
                  |   killed by a    |
                  |    chameleon     |
                  |   imitating a    |
                  |     minotaur     |
                  |       2026       |
                 *|     *  *  *      | *
        _________)/\\_//(\/(/\)/\//\/|_)_______

Farvel CaptainEquinox the Valkyrie...

You died in Sokoban on dungeon level 7 with 10680 points,
and 4048 pieces of gold, after 4099 moves.
You were level 8 with a maximum of 85 hit points when you died.

